Cogmind - Beta 15 @@@ ROGUE MODE // 2025.05.08 @ 01:22:55 Player: Big Pilgrim Result: Destroyed by G-47 Trooper with Particle Gun Performance ------------- Evolutions (1) 500 Regions Visited (3) 600 Robots Destroyed (18) 90 Value Destroyed (497) 497 Prototype IDs (2) 40 Alien Tech Used (0) 0 Bonus (-57) -57 TOTAL SCORE: 1670 Bonus ------- Follower Combat Kills 60 Friendly Fire -117 Cogmind --------- Core Integrity 0/400 Matter 111/300 Energy 84/100 System Corruption 0% Temperature Critical (531) Movement Walking (120) Location -9/Storage Parts ------- > --- POWER (1) -------- (None) > --- PROPULSION (4) --- Carbon-fiber Leg > --- UTILITY (2) ------ (None) > --- WEAPON (2) ------- Advanced Beam Cannon Advanced Beam Cannon > --- INVENTORY (5) ---- Thermal Generator Improved Medium Laser Improved Medium Laser Peak State ------------ > --- POWER ------------ Improved Ion Engine > --- PROPULSION ------- Aluminum Leg > --- UTILITY ---------- Thermal Generator Small Storage Unit > --- WEAPON ----------- Field Laser Advanced Beam Cannon > --- INVENTORY -------- Light Ion Engine Thermal Generator Improved Medium Laser Improved Medium Laser Improved Medium Laser Field Laser Advanced Beam Cannon Advanced Beam Cannon [Rating: 15] Favorites ----------- Power Ion Engine Engine Ion Engine Propulsion Aluminum Leg Leg Aluminum Leg Wheel Compact Wheel Utility Small Storage Unit Device Thermal Generator Storage Small Storage Unit Weapon Medium Laser Energy Gun Medium Laser Energy Cannon Advanced Beam Cannon Ballistic Gun Heavy Assault Rifle Launcher Rocket Launcher Build | -11 -10 -9 -9 ------- Run | Yrd Mat Mat Sto Slots Evolved 2 | . . 2 . Power . | . . . . Propulsion 2 | . . 2 . Utility . | . . . . Weapon . | . . . . Parts Attached 28 | 6 9 4 9 Power 4 | 1 1 1 1 Engine 4 | 1 1 1 1 Core . | . . . . Reactor . | . . . . Propulsion 6 | 4 1 . 1 Treads . | . . . . Leg 4 | 2 1 . 1 Wheel 2 | 2 . . . Hover . | . . . . Flight . | . . . . Utility 5 | 1 2 1 1 Device 2 | . . 1 1 Storage 3 | 1 2 . . Processor . | . . . . Hackware . | . . . . Protection . | . . . . Artifact . | . . . . Weapon 13 | . 5 2 6 Energy Gun 7 | . 4 . 3 Energy Cannon 3 | . . . 3 Ballistic Gun 1 | . . 1 . Ballistic Cannon . | . . . . Launcher 2 | . 1 1 . Special Weapon . | . . . . Impact Weapon . | . . . . Slashing Weapon . | . . . . Piercing Weapon . | . . . . Special Melee Weapon . | . . . . Unidentified Prototypes 2 | . . . 2 Parts Lost 18 | . 4 7 7 Power 4 | . 1 1 2 Propulsion 4 | . 1 2 1 Utility 2 | . . . 2 Weapon 8 | . 2 4 2 Highest Loss Streak 7 | . 4 4 7 To Critical Strikes . | . . . . Average Backups 6 | 5 7 6 6 Power 1 | . 1 1 . Propulsion 1 | 2 3 1 . Utility . | . . . 1 Weapon 2 | 2 1 2 4 Tool/Special . | . . . . Unused Backups 8 | . 1 4 3 Power . | . . . . Propulsion 2 | . . 2 . Utility 2 | . 1 1 . Weapon 3 | . . 1 2 Tool/Special 1 | . . . 1 Average Slot Usage (%) 74 | . 82 77 59 Engine 9 | . 13 7 9 Leg 19 | . 12 27 10 Wheel 3 | . 14 . . Device 2 | . . 1 8 Storage 16 | . 14 20 9 Energy Gun 16 | . 23 12 17 Ballistic Gun 1 | . . 4 . Launcher 3 | . 3 5 . Peak Build Rating 15 | 4 7 14 15 Average Rating 8 | 3 5 8 13 On Entrance 4 | . 4 6 9 Naked Turns . | . . . . Heaviest Build 26 | 8 15 26 26 Greatest Support 32 | 32 32 30 10 Greatest Overweight (x) 6 | . . 2 6 Average Overweight (x) . | . . . 1 Largest Inventory Capacity 20 | 8 20 20 8 Average Capacity 7 | 7 8 8 7 Most Carried 8 | 8 8 8 8 Average Carried 6 | 6 7 6 6 Final Capacity 8 | 8 8 8 5 Final Carried 8 | 8 8 8 3 Class Distribution -------------------- 72% | Mutant 27% | Scavenger-Mutant Dominant Class ---------------- Mutant | -10/Materials Mutant | -9/Materials Mutant | -9/Storage Resources | -11 -10 -9 -9 ----------- Run | Yrd Mat Mat Sto Matter Collected 526 | 239 121 54 112 Remotely . | . . . . Salvage Created 537 | . 135 260 142 Parts 28 | . 3 14 11 Haulers Intercepted . | . . . . Recyclers Shooed . | . . . . Parts Field Recycled . | . . . . Retrieved Matter . | . . . . Parts Self-Destructed . | . . . . Prevented . | . . . . Kills | -11 -10 -9 -9 ------- Run | Yrd Mat Mat Sto Combat Hostiles Destroyed 11 | . 3 7 1 Guns 2 | . 1 1 . Cannons 1 | . . . 1 AOE 8 | . 2 6 . Classes Destroyed 7 | . 2 5 . Worker 2 | . . 2 . Builder 2 | . . 1 1 Watcher 2 | . 1 1 . Swarmer 1 | . . 1 . Grunt 4 | . 3 1 . Duelist 2 | . . 1 1 Sentry 4 | . . 4 . Thug 1 | . . . 1 Best Kill Streak 4 | . 2 4 1 Combat Bots Only 2 | . 2 2 1 Max Kills in Single Turn 2 | . 2 2 1 Gunslinging . | . . . . Exploded 2 | . 2 1 . Melee . | . . . . Uniques/NPCs Destroyed . | . . . . Combat | -11 -10 -9 -9 -------- Run | Yrd Mat Mat Sto Hostile Shots Fired 167 | . 30 68 69 Missed 47 | . 11 20 16 Hits 120 | . 19 48 53 Melee 8 | . . 4 4 Projectile 112 | . 19 44 49 Critical Strikes 5 | . . 5 . Damage Taken 1887 | . 289 859 739 Core 450 | . 47 149 254 Absorbed by Shields . | . . . . Core Remaining (%) 90 | 100 81 . . Volleys Fired 60 | . 16 32 12 Largest 2 | . 2 2 2 Hottest 136 | . 80 90 136 Shots Fired 109 | . 30 55 24 Gun 84 | . 29 39 16 Cannon 8 | . . . 8 Launcher 17 | . 1 16 . Special . | . . . . Kinetic 14 | . . 14 . Thermal 50 | . 1 25 24 Explosive 17 | . 1 16 . Electromagnetic 28 | . 28 . . Robot Hit Streak 9 | . 5 9 5 Robot Miss Streak 6 | . 3 3 6 Penetration Max . | . . . . Secondary Targets 1 | . 1 . . Max Gunslinging Chain 1 | . 1 . . Shots Hit Robots 66 | . 18 34 14 Core Hits 35 | . 8 22 5 Critical Kills . | . . . . Critical Parts Destroyed . | . . . . Critical Strikes 5 | . 2 1 2 Burn 3 | . . 1 2 Corrupt 2 | . 2 . . Melee Attacks . | . . . . Impact . | . . . . Slashing . | . . . . Piercing . | . . . . Sneak Attacks . | . . . . Combat Hostiles . | . . . . Follow-up Attacks . | . . . . Damage Inflicted 1558 | . 470 780 308 Guns 730 | . 246 298 186 Cannons 122 | . . . 122 Explosions 706 | . 224 482 . Melee . | . . . . Ramming . | . . . . Kinetic 130 | . . 130 . Thermal 630 | . 154 168 308 Explosive 565 | . 83 482 . Electromagnetic 233 | . 233 . . Impact . | . . . . Slashing . | . . . . Piercing . | . . . . Highest Corruption . | . . . . Average Corruption . | . . . . Corruption Purged . | . . . . Corruption Blocked . | . . . . Overload Shots . | . . . . Overflow Damage 34 | . 12 22 . Projectiles . | . . . . Explosions 34 | . 12 22 . Melee . | . . . . Knockbacks . | . . . . Impact . | . . . . Kinetic . | . . . . Secondary . | . . . . Self-Inflicted Damage 291 | . 56 235 . Shots 7 | . 2 5 . Rammed . | . . . . Targets Rammed . | . . . . Kicked . | . . . . Crushed . | . . . . Highest Temperature 522 | . 255 70 522 Average Temperature 154 | . 127 27 301 Received Heat Transfer 633 | . 126 165 342 Effects 8 | . 1 . 7 Interference 3 | . 1 . 2 Damage (minor) 1 | . . . 1 Damage (major) 4 | . . . 4 Siege Activations . | . . . . Martial Activations . | . . . . Shielding Activations . | . . . . Robots Disrupted . | . . . . Combat Hostiles . | . . . . Robots Corrupted . | . . . . Combat Hostiles . | . . . . Parts Fried 1 | . 1 . . Impact Corruptions . | . . . . Robots Melted . | . . . . Combat Hostiles . | . . . . Parts Melted . | . . . . Heat Transferred 1381 | . 237 556 588 Parts Sabotaged . | . . . . Parts Stolen . | . . . . Parts Stripped . | . . . . Power Chain Reactions 2 | . 2 . . Alert | -11 -10 -9 -9 ------- Run | Yrd Mat Mat Sto Maximum Alert Level 1 | . . 1 . Low Security (%) 87 | 100 100 70 100 Level 1 12 | . . 29 . Level 2 . | . . . . Level 3 . | . . . . Level 4 . | . . . . Level 5 . | . . . . High Security . | . . . . Max Security . | . . . . Peak Influence 244 | . 48 244 83 Initial 83 | . . . 83 Average 54 | . 18 90 51 Influence Increases 537 | . 109 348 80 Destroy 0b10 Robot/C 260 | . 60 140 60 Destroy 0b10 Robot/NC 30 | . 5 20 5 Destroy Leader 84 | . 22 52 10 Allied During Kill 5 | . . . 5 Successful Hack 5 | . 5 . . Disable Machine 30 | . . 30 . Destroy Structure 123 | . 17 106 . Influence Decreases 517 | . 106 153 258 Entered New Map 118 | . . 3 115 Time Decay 243 | . 70 110 63 Lost Part 136 | . 36 40 60 Lost Ally 20 | . . . 20 Squads Dispatched 4 | . 1 . 3 Investigation 1 | . . . 1 Extermination . | . . . . Reinforcement 1 | . 1 . . Assault 2 | . . . 2 Garrison . | . . . . Intercept . | . . . . Searches Triggered . | . . . . Construction Impeded . | . . . . Haulers Reinforced . | . . . . Active Scanning Responses . | . . . . Cargo Convoy Interrupts . | . . . . Stealth | -11 -10 -9 -9 --------- Run | Yrd Mat Mat Sto Distress Signals 2 | . 1 1 . Communications Jammed . | . . . . Distress Signals . | . . . . Times Spotted 28 | . 6 11 11 Peak Tracking Total 10 | . 4 4 10 Tactical Retreats . | . . . . Traps | -11 -10 -9 -9 ------- Run | Yrd Mat Mat Sto Traps Triggered 1 | . . . 1 Indirectly . | . . . . Trap Hack Attempts . | . . . . Triggered . | . . . . Disarmed . | . . . . Reprogrammed . | . . . . Reused . | . . . . Traps Extracted . | . . . . Installed . | . . . . Triggered . | . . . . Machines | -11 -10 -9 -9 ---------- Run | Yrd Mat Mat Sto Machines Disabled 2 | . . 2 . Max in Single Turn 2 | . . 2 . Machines Repaired . | . . . . Machines Dismantled . | . . . . Machines Sabotaged . | . . . . Overloaded Fab Kills . | . . . . Hacking | -11 -10 -9 -9 --------- Run | Yrd Mat Mat Sto Machines Accessed 1 | . 1 . . Terminals 1 | . 1 . . Fabricators . | . . . . Repair Stations . | . . . . Recycling Units . | . . . . Scanalyzers . | . . . . Garrison Access . | . . . . Total Hacks 2 | . 2 . . Successful 1 | . 1 . . Failed 1 | . 1 . . Catastrophic . | . . . . Database Lockouts . | . . . . Manual . | . . . . Terminals 2 | . 2 . . Fabricators . | . . . . Repair Stations . | . . . . Recycling Units . | . . . . Scanalyzers . | . . . . Garrison Access . | . . . . Terminal Hacks 1 | . 1 . . Robot Analysis 1 | . 1 . . Fabricator Hacks . | . . . . Repair Station Hacks . | . . . . Recycling Unit Hacks . | . . . . Scanalyzer . | . . . . Garrison Access Hacks . | . . . . Unauthorized Hacks . | . . . . Terminals . | . . . . Fabricators . | . . . . Repair Stations . | . . . . Recycling Units . | . . . . Scanalyzers . | . . . . Garrison Access . | . . . . Data Cores Recovered . | . . . . Used . | . . . . Hacking Detections 1 | . 1 . . Full Trace Events . | . . . . Feedback Events . | . . . . Feedback Blocked . | . . . . Robot Schematics Acquired . | . . . . Robots Built . | . . . . Authchips . | . . . . Time . | . . . . Total Robot Build Rating . | . . . . Part Schematics Acquired . | . . . . Parts Built . | . . . . Authchips . | . . . . Time . | . . . . Total Part Build Rating . | . . . . Parts Repaired . | . . . . Time . | . . . . Parts Recycled . | . . . . Recycled Matter . | . . . . Retrieved Matter . | . . . . Retrieved Components . | . . . . Parts Scanalyzed . | . . . . Part Schematics Acquired . | . . . . Parts Damaged . | . . . . Bothacking | -11 -10 -9 -9 ------------ Run | Yrd Mat Mat Sto Used RIF Installer . | . . . . Robots Hacked . | . . . . Non-combat . | . . . . Combat . | . . . . Robot Hacks Applied . | . . . . Relay Couplers Released . | . . . . Fabnet Peak Effective % . | . . . . Robots Rewired . | . . . . Allies Hacked . | . . . . Hacks Repelled . | . . . . Allies | -11 -10 -9 -9 -------- Run | Yrd Mat Mat Sto Total Allies 2 | . . . 2 Largest Group 2 | . . . 2 Highest-Rated Group 62 | . . . 62 Highest-Rated Ally 31 | . . . 31 Total Orders . | . . . . Ally Attacks 20 | . . . 20 Total Damage 309 | . . . 309 Kills 2 | . . . 2 Allies Corrupted . | . . . . Allies Melted . | . . . . Intel | -11 -10 -9 -9 ------- Run | Yrd Mat Mat Sto Active Infowar (turns) . | . . . . Robot Analysis Total 1 | . 1 . . Derelict Logs Recovered . | . . . . Drone Launches . | . . . . Drone Recoveries . | . . . . Exploration | -11 -10 -9 -9 ------------- Run | Yrd Mat Mat Sto Turns Passed 737 | 92 168 326 151 Spaces Moved 348 | 66 90 152 40 Core 18 | 15 . . 3 Treads . | . . . . Legs 294 | 48 57 152 37 Wheels 36 | 3 33 . . Hover . | . . . . Flight . | . . . . Fastest Speed 50 | 50 100 120 190 Average Speed 134 | 103 112 132 238 Slowest Speed 350 | 120 120 260 350 Overloaded Moves . | . . . . Propulsion Burnouts . | . . . . Robots Hopped . | . . . . Potential Cave-ins 3 | . 3 . . Cave-ins Triggered . | . . . . Exploration Rate (%) 12 | 5 18 20 7 Regions Visited 3 Branch Regions 1 Pre-discovered Areas . | . . . . Known Exits Taken . | . . . . Unknown Exits Taken 3 | 1 1 1 . Scrap Searched . | . . . . Spaces Dug . | . . . . Terrain Destroyed 144 | . 25 119 . Melee . | . . . . Projectile . | . . . . AOE 144 | . 25 119 . Terrain Rammed . | . . . . Walls Destroyed . | . . . . Machines Disabled . | . . . . Actions | -11 -10 -9 -9 --------- Run | Yrd Mat Mat Sto Total 511 | 86 127 225 73 Wait 13 | . . 12 1 Move 345 | 65 89 151 40 Hop . | . . . . Pick Up 37 | 11 8 12 6 Fast Attach 3 | 1 1 . 1 Attach 25 | 3 8 8 6 Detach 4 | . 1 2 1 Swap 10 | 6 1 1 2 Drop 14 | . 3 7 4 Fire 60 | . 16 32 12 Melee . | . . . . Ram . | . . . . Kick . | . . . . Crush . | . . . . Escape Stasis . | . . . . Rewire . | . . . . Trap . | . . . . Miscellaneous . | . . . . Route ------- -11/Scrapyard -10/Materials (discovered 2 exits: [*Mat] / [*Min]) -9/Materials (discovered 2 exits: [*Min] / *Sto) -9/Storage History --------- Turn | Location | Event 2 | -11/Scrapyard | Met Revision 17 3 | -11/Scrapyard | Discovered new exit (range 16) 93 | -11/Scrapyard | Entered Materials 202 | -10/Materials | Lost 4 parts (1p1n2w) 211 | -10/Materials | Discovered new exit (range 14) 249 | -10/Materials | Discovered new exit (range 9) 261 | -10/Materials | Entered another Materials area 261 | -9/Materials | Evolved 2 slots: Propulsion x2 467 | -9/Materials | Lost 4 parts (1p1n2w) 519 | -9/Materials | Discovered new exit (range 16) 569 | -9/Materials | Discovered new exit (range 12) 587 | -9/Materials | Entered Storage 604 | -9/Storage | Met a pair of Derelict thieves 617 | -9/Storage | Lost 3 parts (1n2w) 705 | -9/Storage | Build established: Mutant 711 | -9/Storage | Core integrity fell below 50% 731 | -9/Storage | Core integrity fell below 20% 738 | -9/Storage | Destroyed by G-47 Trooper with Particle Gun Last Messages --------------- 00712_ Overheating: Aluminum Leg damaged (-6). 00712_ Overheating: Field Laser damaged (-49). 00712_ Overheating: Imp. Medium Laser damaged (-28). 00713_ Aluminum Leg destroyed. 00713_ Acquired 53 matter. 00719_ R-06 Scavenger collects Aluminum Leg. 00719_ Sml. Storage Unit destroyed. 00720_ Overheating: Imp. Medium Laser damaged (-18). 00720_ Field Laser destroyed. 00722_ Imp. Medium Laser destroyed. 00723_ Acquired Carbon-fiber Leg. 00724_ R-06 Scavenger collects Welding Torch. 00724_ Lgt. Ion Engine destroyed. 00727_ R-06 Scavenger collects Structural Scanner. 00731_ R-06 Scavenger collects Terrain Scanner. 00734_ Thermal Generator destroyed. 00736_ L-31 Rogue destroyed. 00737_ Overheating: System interference. 00737_ Adv. Beam Cannon temporarily disabled. 00737_ Acquired 59 matter. Map ----- +----------------------------------------------------+ | ???????????????????????????? | | ???????????????????????????? | | ???????????????????????????? | | ???????????????????????????? | | ???????????????????????????? | | ???????????????????????????? | | ??#####????????????????????? | | ??# #????????????????????? | | ??# #########????????????? | | ??# # #! #????????????? | | ??# # [" #????????????? | | ??# # [/! [#????????????? | | ??# + " #????????????? | | ??# ##T# #????????????? | | ??# #### ]#????????????? | | ??# ##?######????????????? | | ??# T#???????????????????? | | ??# ##???????????????????? | | ??# #????????????????????? | | ??# #????????????????????? | | ??# #????????????????????? | | ??# #????????????????????? | | ??#[ #????????????????????? | | ??#[* #????????????????????? | | ??#[[!#????????????????????? | | ??#@%=#????????????????????? | | ??#]*!#????????????????????? | | ??# i#????????????????????? | | ??#ggg#????????????????????? | | ??#=g #????????????????????? | | ??" g #????????????????????? | | ??T[ #????????????????????? | | ??"% #????????????????????? | | ??#* i#????????????????????? | | ??# %????????????????????? | | ??# ????????????????????? | | ??? ????????????????????? | | ??? ##???????????????????? | | ??? #????????????????????? | | ??? #????????????????????? | | ??? ?????????????????????? | | ???????????????????????????? | | ???????????????????????????? | | ???????????????????????????? | | ???????????????????????????? | | ???????????????????????????? | | ???????????????????????????? | | ???????????????????????????? | | ???????????????????????????? | | ???????????????????????????? | +----------------------------------------------------+ Best States ------------- Heat Dissipation 28 Energy Generation 12 Energy Capacity 265 Matter Stores 300 Matter Capacity 300 Sight Range 16 Terrain Scan Density 10 Evasion (%) 55 Item Schematics ----------------- None Robot Schematics ------------------ None Fabricated ------------ Nothing Repaired ---------- Nothing Alien Tech Used ----------------- None Achievements -------------- Backstab Challenges ------------ None Game ------ Seed ClaymoresMinesnifferEdition Manual? 0 Play Time 00:42:52 Cumulative 11.8 hours Start 2025.05.08 @ 00:17:46 End 2025.05.08 @ 01:22:55 Sessions 1 Manual Loads 0 Difficulty Rogue Special Mode None Game No. 13 Rogue 13 Adventurer 0 Explorer 0 Win Type - Total 0 Types 0/0/0/0/0/0/0/0/0/0 Lore% 4 Gallery% 14 Achievement% 14 Wizard Run 0 Options --------- Layout 0 ASCII 0 Keyboard 0 Movement Mouse Keybinds 0 Fullscreen 2 Font 24/Terminus Map View 38x25 Zoom Use 83% Tactical HUD 1 Map Filters NONE Filters NONE Steam 1 RUN: 06e55e7a-d89e-42da-8898-dba1737ac49e